Map: Acropolis LE

Players

Ryu

  • Race: Zerg Zerg
  • League: Grandmaster
  • Spawn Location: 5:00

PtitDrogo - Winner!

  • Race: Protoss Protoss
  • League: Master
  • Spawn Location: 11:00

Event: NationWars 2019

VOD

Have the link to the VOD?

Description

Time

  • Played on: Oct. 10, 2019, 2:20 p.m.
  • Length: 7:51
Show
View Real Time Build Order
Export as new Build Order

Ryu Zerg 

Build Orders: Hatch First 

Get SALT Encoding   

  12  0:01  Drone  
  13  0:12  Overlord  
  13  0:17  Drone  
  14  0:31  Drone x2  
  16  0:47  Hatchery  
  15  0:51  Drone  
  15  0:54  Drone  
  17  0:57  Extractor  
  17  1:00  Drone  
  17  1:14  Spawning Pool  
  17  1:17  Drone  
  17  1:21  Drone  
  18  1:29  Drone  
  19  1:41  Drone  
  20  1:51  Overlord  
  20  2:02  Queen x2  
  20  2:03  Zergling x2  
  20  2:04  Zergling x2  
  26  2:10  Metabolic Boost  
  26  2:14  Drone  
  27  2:17  Drone  
  27  2:22  Drone  
  29  2:25  Drone  
  30  2:38  Pneumatized Carapace  
  30  2:44  Hatchery  
  30  2:46  Drone  
  30  2:50  Drone  
  31  2:54  Zergling x2  
  31  2:57  Overlord  
  32  3:03  Drone  
  32  3:05  Queen  
  35  3:14  Drone, Overlord  
  35  3:19  Drone x3  
  39  3:22  Drone x2  
  41  3:29  Zergling x2  
  41  3:32  Drone x2  
  44  3:35  Drone  
  45  3:42  Overlord  
  45  3:45  Overlord  
  45  3:54  Roach Warren  
  45  3:55  Queen  
  44  3:56  Drone x3  
  44  3:58  Zergling x2  
  44  4:02  Drone x3  
  53  4:07  Drone  
  53  4:09  Zergling x2  
  55  4:13  Lair  
  55  4:18  Extractor  
  55  4:19  Drone x3, Extractor  
  55  4:21  Drone  
  55  4:22  Drone x2  
  59  4:26  Zergling x2  
  59  4:28  Overlord  
  59  4:31  Zergling x2  
  59  4:35  Roach x2  
  64  4:38  Zergling x2  
  64  4:47  Roach x3  
  64  4:49  Zergling x12  
  71  4:53  Roach  
  71  4:58  Ravager  
  71  4:59  Overlord  
  69  5:10  Roach x2  
  69  5:12  Queen  
  72  5:16  Drone  
  72  5:18  Roach  
  72  5:19  Roach  
  72  5:20  Drone  
  77  5:22  Roach x2  
  77  5:24  Zergling x2  
  80  5:29  Zergling x4, Queen  
  80  5:35  Zergling x4  
  77  5:43  Drone x3  
  77  5:44  Glial Reconstitution  
  80  5:55  Drone x2  
  82  5:57  Evolution Chamber  
  82  5:59  Overseer  
  82  6:02  Drone  
  82  6:03  Overlord x3  
  82  6:11  Baneling Nest  
  81  6:12  Drone  
  81  6:16  Overlord x2  
  81  6:18  Extractor x2  
  79  6:26  Drone x4  
  79  6:28  Drone x2  
  79  6:31  Drone x3  
  88  6:33  Drone x2  
  90  6:40  Drone x2  
  90  6:41  Drone  
  90  6:46  Extractor  
  92  6:47  Ravager x3  
  92  6:51  Roach x3  
  92  6:53  Zergling x10  
  106  6:59  Ravager  
  106  7:00  Ravager  
  108  7:03  Overseer  
  108  7:08  Overlord  
  108  7:10  Overlord  
  108  7:14  Baneling  
  108  7:15  Baneling x4  
  108  7:17  Roach x3  
  108  7:18  Roach  
  108  7:19  Baneling  
  117  7:23  Zergling x2  
  117  7:26  Baneling  
Show
View Real Time Build Order
Export as new Build Order

PtitDrogo Protoss - Winner!

Build Orders: 1 Gate Expand, Archon Immortal 

Get SALT Encoding   

  12  0:00  Probe  
  13  0:13  Probe  
  14  0:18  Pylon  
  14  0:25  Probe (Chrono Boost)  
  15  0:37  Probe (Chrono Boost)  
  15  0:42  Gateway  
  16  0:45  Probe (Chrono Boost)  
  16  0:47  Assimilator  
  17  0:51  Probe  
  18  1:03  Probe  
  19  1:15  Probe  
  20  1:25  Nexus  
  20  1:33  Cybernetics Core  
  20  1:37  Probe  
  21  1:41  Assimilator  
  21  1:49  Probe  
  21  1:51  Pylon  
  22  2:01  Probe  
  22  2:06  Adept (Chrono Boost)  
  23  2:13  Probe, Robotics Facility  
  26  2:21  Warp Gate  
  26  2:25  Probe  
  27  2:30  Stalker  
  27  2:37  Probe (Chrono Boost)  
  30  2:38  Probe (Chrono Boost)  
  31  2:47  Probe x2 (Chrono Boost)  
  33  2:52  Probe x2 (Chrono Boost)  
  35  3:00  Sentry  
  35  3:03  Probe, Warp Prism (Chrono Boost)  
  40  3:09  Probe  
  41  3:15  Gateway  
  41  3:18  Pylon  
  41  3:19  Probe  
  42  3:26  Probe  
  43  3:36  Immortal (Chrono Boost)  
  43  3:38  Probe x2  
  49  3:48  Pylon  
  49  3:50  Probe x2  
  51  4:02  Probe  
  52  4:03  Probe  
  52  4:08  Pylon  
  52  4:09  Adept, Immortal (Chrono Boost)  
  55  4:10  Zealot  
  55  4:14  Probe  
  62  4:18  Assimilator  
  62  4:20  Assimilator  
  62  4:21  Pylon  
  62  4:26  Probe x2  
  64  4:31  Zealot x2  
  64  4:38  Probe  
  69  4:41  Immortal (Chrono Boost)  
  73  4:52  Zealot x2  
  77  4:58  Forge, Twilight Council  
  76  5:15  Zealot  
  76  5:19  Pylon  
  75  5:29  Immortal  
  73  5:36  Protoss Ground Weapons Level 1 (Chrono Boost)  
  73  5:40  Charge (Chrono Boost)  
  69  5:45  Sentry  
  69  5:46  Sentry  
  69  5:47  Gateway  
  69  5:48  Gateway  
  69  5:49  Gateway  
  73  5:50  Gateway  
  73  5:51  Gateway  
  73  5:57  Templar Archives  
  73  6:03  Gateway  
  73  6:06  Pylon  
  73  6:08  Immortal  
  77  6:12  Sentry x2  
  77  6:13  Pylon  
  77  6:14  Pylon  
  81  6:30  Pylon  
  81  6:40  High Templar x2  
  81  6:41  Zealot  
  81  6:45  Zealot x4  
  95  6:48  Archon  
  95  6:58  Zealot  
  97  7:01  Pylon  
  97  7:03  High Templar  
  97  7:05  High Templar  
  97  7:06  Zealot x3  
  107  7:10  Archon  
  107  7:12  Zealot  
  107  7:13  Zealot  
  111  7:15  Nexus  
  111  7:33  Zealot x5  
  109  7:38  Zealot x2  
  101  7:47  Zealot  
Tags
 
Add a new tag
Caveats
  • Supply blocks, unpowered buildings, or Contaminate may cause inaccurate times.
  • Supply counts are checked every 10 seconds.